 Dungeon Crawl Stone Soup version 0.27-a0-385-g3208abaabc (webtiles) character file.

Game seed: 8446489304375272305

47 halftheisland the Cudgeller (level 3, -3/37 HPs)
             Began as a Troll Berserker on Feb 19, 2021.
             Was a Follower of Trog.
             Slain by a goblin
             ... wielding a +0 club
             ... led by Robin
              (8 damage)
             ... on level 1 of the Dungeon.
             The game lasted 00:07:57 (1077 turns).

halftheisland the Cudgeller (Troll Berserker)       Turns: 1077, Time: 00:07:58

Health: -3/37      AC:  5    Str: 26    XL:     3   Next: 48%
Magic:  2/2        EV: 10    Int:  3    God:    Trog [*.....]
Gold:   50         SH:  0    Dex:  9    Spells: 2/2 levels left

rFire    . . .     SeeInvis .   a - +0 mace
rCold    . . .     Faith    .   (no shield)
rNeg     + . .     Spirit   .   b - +0 animal skin
rPois    .         Reflect  .   (helmet restricted)
rElec    .         Harm     .   e - +0 cloak
rCorr    .         Rampage  .   (gloves unavailable)
Will     .....                  (boots unavailable)
Stlth    +.........             (no amulet)
HPRegen  1.12/turn              c - ring of positive energy
MPRegen  0.08/turn              (no ring)

@: berserk cooldown, slowed, very slow
A: large, unfitting armour, claws 3, regeneration 1, shaggy fur 1, tough skin 1
a: Renounce Religion, Berserk


You were on level 1 of the Dungeon.
You worshipped Trog.
Trog was aware of your devotion.
You visited 1 branch of the dungeon, and saw 2 of its levels.

You collected 50 gold pieces.

Inventory:

Hand Weapons
 a - a +0 mace (weapon)
 g - a +0 hunting sling
Missiles
 d - 64 stones (quivered)
Armour
 b - a +0 animal skin (worn)
 e - a +0 cloak (worn)
Jewellery
 c - a ring of positive energy (left claw)
Scrolls
 f - a scroll of magic mapping
 h - a scroll of identify


   Skills:
 * Level 3.0 Fighting
 * Level 3.3 Maces & Flails
 + Level 2.8 Dodging


You had 2 spell levels left.
You didn't know any spells.
Your spell library was empty.

Dungeon Overview and Level Annotations

Branches:
Dungeon (2/15)

Altars:
Fedhas


Innate Abilities, Weirdness & Mutations

You are too large for most types of armour.
You have claws for hands.
Your natural rate of healing is unusually fast.
You are covered in fur. (AC +1)
You have tough skin. (AC +1)


Message History

The goblin hits you with a +0 club. x2; The goblin barely misses you. x2
You sock the goblin!
You kill the goblin!
Trog accepts your kill. The goblin hits you with a +0 club. x2
* * * LOW HITPOINT WARNING * * *
The goblin hits you but does no damage. The hobgoblin barely misses you.
The goblin hits you with a +0 club.
* * * LOW HITPOINT WARNING * * *
The goblin barely misses you. The goblin hits you.
* * * LOW HITPOINT WARNING * * *
The goblin completely misses you.
You climb upwards.
You feel a strong urge to attack something.
There is a stone staircase leading down here.
You bludgeon the goblin!!
You kill the goblin!
Trog accepts your kill. The hobgoblin hits you with a +0 club.
* * * LOW HITPOINT WARNING * * *
The goblin barely misses you.
The goblin hits you but does no damage. x2
The goblin hits you with a +0 club.
* * * LOW HITPOINT WARNING * * *
Your Fighting skill increases to level 3!
You are no longer berserk.
You are exhausted.
You feel yourself slow down. The goblin hits you but does no damage.
There is an open door, spattered with blood here.
Items here: ( )) †.
The goblin unwields a +0 club.
The goblin wields a +0 hunting sling.
The goblin shoots a stone.
The stone hits you but does no damage.
You aren't carrying any potions.
You barely miss the goblin.
The goblin no longer looks unusually strong.
The goblin hits you but does no damage. The goblin hits you with a +0 club.
* * * LOW HITPOINT WARNING * * *
You barely miss the goblin.
The hobgoblin no longer looks unusually strong.
The goblin barely misses you. The goblin hits you with a +0 club!
You die...

#....##..#(##.########
####.................#
########.#.######.# #.#.#
#.# #...# #.# ###
##..######'### #..
#...........###.#
####.g....[.......#
#.@gg.........#####
########## #.##g.........# #
#........#####.#############
# #........†.....# ###
#........########## #..
#.................##### #.#
#........########.#...#
####.# #........# #.#.#.#
#....# #........# #.#.#.##
#.####


You could see 4 goblins.

Vanquished Creatures
  Robin (D:2)
  2 worms (D:2)
  A dart slug (D:1)
  2 leopard geckos (D:1)
  A bat (D:1)
  6 goblins
  5 hobgoblins
  A kobold (D:1)
  6 frilled lizards
  A rat (D:1)
26 creatures vanquished.

Notes
Turn   | Place    | Note
-------+----------+-------------------------------------------
     0 | D:1      | halftheisland the Troll Berserker began the quest for the
                  | Orb.
     0 | D:1      | Reached XP level 1. HP: 22/22 MP: 0/0
   239 | D:1      | Reached XP level 2. HP: 29/29 MP: 1/1
   745 | D:2      | Reached XP level 3. HP: 36/36 MP: 2/2
   828 | D:2      | Found a blossoming altar of Fedhas.
  1059 | D:2      | Noticed Robin
  1065 | D:2      | Killed Robin
  1077 | D:1      | Slain by a goblin

Illustrated notes

Levels and vault maps discovered:
D:1:      psy_arrival_conway, layout_basic
D:2:      layout_basic, fedhas_altar_2, uniq_robin

Skill      XL: |  1  2  3 |
---------------+----------+-----
Maces & Flails | 3 |  3.3
Fighting       | 3 |  3.0
Dodging        | |  2.8

Action                   || total
-------------------------++-------
Melee: Mace              ||    79
Throw: Stone             ||    15
Invok: Berserk           ||     3
  Use: Scroll            ||     2
       Potion            ||     3
Armor: Animal skin       ||    28
Dodge: Dodged            ||    56

Table legend: (Time is in decaauts)
 A = Elapsed time spent in this place.
 B = Non-inter-level travel time spent in this place.
 C = Inter-level travel time spent in this place.
 D = Time resting spent in this place.
 E = Time spent auto-exploring this place.
 F = Levels seen in this place.
 G = Mean time per level.
                   A        B        C        D        E       F      G
               +--------+--------+--------+--------+--------+-----+--------+
         Total |   1089 |    967 |    122 |     86 |    631 |   2 |  544.5 |
       Dungeon |   1089 |    967 |    122 |     86 |    631 |   2 |  544.5 |
               +--------+--------+--------+--------+--------+-----+--------+

Top non-repeatable levels by time:
     D:1: 781 daAuts
     D:2: 307 daAuts
